 Dungeon Crawl Stone Soup version 0.28-a0-6-g334057b17a (webtiles) character file.

Game seed: 5412903665670770248

108 Lusmu the Caller (level 4, 0/24 HPs)
             Began as a Tengu Summoner on July 22, 2021.
             Slain by Edmund (11 damage)
             ... on level 4 of the Dungeon.
             The game lasted 00:12:16 (4428 turns).

Lusmu the Caller (Tengu Summoner)                   Turns: 4428, Time: 00:12:16

Health: 0/24       AC:  2    Str: 14    XL:     4   Next: 87%
Magic:  9/9        EV: 12    Int: 22    God:
Gold:   241        SH:  0    Dex: 15    Spells: 5/9 levels left

rFire   . . .      SeeInvis .   e - +1 whip (freeze)
rCold   . . .      Faith    .   (no shield)
rNeg    . . .      Spirit   .   a - +0 robe
rPois   .          Reflect  .   (helmet restricted)
rElec   .          Harm     .   (no cloak)
rCorr   .          Rampage  .   (no gloves)
Will    .....                   (boots unavailable)
Stlth   ++........              (no amulet)
HPRegen 0.08/turn               b - +6 ring of intelligence
MPRegen 0.11/turn               g - +6 ring of strength

@: about to teleport
A: beak, talons 3
a: no special abilities


You were on level 4 of the Dungeon.
You visited 1 branch of the dungeon, and saw 4 of its levels.

You collected 241 gold pieces.

Inventory:

Hand Weapons
 e - a +1 whip of freezing (weapon)
 f - a +1 quarterstaff of draining
 h - a +1 whip of venom
Missiles
 d - 2 throwing nets
 m - 25 poisoned darts
Armour
 a - a +0 robe (worn)
 k - a +0 leather armour
Jewellery
 b - a +6 ring of intelligence (left hand)
 g - a +6 ring of strength (right hand)
Scrolls
 o - a scroll of immolation
 p - a scroll of magic mapping {unknown}
Potions
 c - a potion of curing {unknown}
 n - a potion of berserk rage {unknown}
 q - a potion of magic {unknown}


   Skills:
 - Level 2.1 Dodging
 + Level 3.4 Stealth
 - Level 3.0 Spellcasting
 + Level 5.8 Summonings


You had 5 spell levels left.
You knew the following spells:

 Your Spells              Type           Power      Damage    Failure   Level
a - Summon Small Mammal   Summ           100%       N/A       1%          1
b - Call Canine Familiar  Summ           29%        N/A       3%          3

Your spell library contained the following spells:

 Spells                   Type           Power      Damage    Failure   Level
 Call Imp                 Summ           29%        N/A       1%          2
 Summon Guardian Golem    Hex/Summ       16%        N/A       11%         3
 Summon Lightning Spire   Summ/Air       16%        N/A       36%         4


Dungeon Overview and Level Annotations

Branches:
Dungeon (4/15)
 Temple: D:4-7

Altars:
Ru
Yredelemnul

Annotations:
D:4 Edmund


Innate Abilities, Weirdness & Mutations

You have a beak for a mouth.
You have claws for feet.


Message History

There is an escape hatch in the ceiling here.
There is a stone staircase leading down here.
You climb downwards.
The quokka barely misses you.
There is a stone staircase leading up here.
You hit the quokka. You freeze the quokka. Your kick misses the quokka.
The quokka is heavily wounded.
The quokka bites you. The quokka barely misses you.
You barely miss the quokka.
The quokka is moderately wounded.
The quokka bites you but does no damage.
You hit the quokka. You freeze the quokka.
You kill the quokka!
You climb upwards.
There is a stone staircase leading down here.
Okay, then.
You climb downwards.
There is a stone staircase leading up here.
You see here a quokka corpse.
HP restored.
Found a quarterstaff.
Found a stone staircase leading up.
Edmund the Younger comes into view.
He is wielding a +5 flail of protection.
Edmund gestures with his flail.
As you read the scroll labelled TYIZIAVUHA, it crumbles to dust.
The creatures around you are filled with an inner flame!
It was a scroll of immolation.
Edmund hits you with a +5 flail of protection!
Edmund misses you.
As you read the scroll labelled EBBUCIOMNO, it crumbles to dust.
You hear a loud clanging noise!
It was a scroll of noise.
You hear a shout!
You hear a bark!
Edmund hits you with a +5 flail of protection!
As you read the scroll labelled TUDWOP TYZETENT, it crumbles to dust.
You speak a Word of immense power!
It was a scroll of holy word.
Edmund barely misses you.
As you read the scroll labelled JODISU COEXEU, it crumbles to dust.
You feel strangely unstable.
It was a scroll of teleportation.
Edmund hits you with a +5 flail of protection!
You die...

.# .# .# .# ##.# .#
#.. .# #.# .##
####.####..#
.#####...#....#.###..
.....)..###..........
......<#@#.##.##.##.#
#########@###.# #.#
#.# .######## #.# #.#
..>.....# #.# #.# #<#
#.# #.# #†# #.# #.#
#.#####.# #.......#


You could see Edmund (inner flame).

Vanquished Creatures
  An adder (D:2)
  A gnoll (D:3)
  A dart slug (D:3)
  2 orcs (D:3)
  4 endoplasms
  A giant cockroach (D:1)
  2 goblins (D:3)
  4 hobgoblins (D:1)
  2 quokkas
  4 ball pythons
  6 bats
  A frilled lizard (D:1)
  A kobold (D:1)
  2 rats
32 creatures vanquished.

Vanquished Creatures (collateral kills)
  3 adders
  3 gnolls (D:3)
  2 worms (D:2)
  2 dart slugs (D:3)
  4 orcs (D:3)
  An endoplasm (D:1)
  2 giant cockroaches (D:1)
  3 goblins
  A jackal (D:1)
  A bat (D:1)
  4 kobolds (D:1)
  2 rats (D:1)
28 creatures vanquished.

Grand Total: 60 creatures vanquished

Notes
Turn   | Place    | Note
-------+----------+-------------------------------------------
     0 | D:1      | Lusmu the Tengu Summoner began the quest for the Orb.
     0 | D:1      | Reached XP level 1. HP: 10/10 MP: 4/4
   287 | D:1      | Found a faded altar of an unknown god.
   306 | D:1      | Reached skill level 5 in Summonings
   306 | D:1      | Reached XP level 2. HP: 10/15 MP: 3/6
  1057 | D:1      | Reached XP level 3. HP: 6/19 MP: 2/7
  1802 | D:1      | Learned a level 3 spell: Call Canine Familiar
  3259 | D:3      | Reached XP level 4. HP: 19/24 MP: 5/9
  3418 | D:3      | Found a sacrificial altar of Ru.
  3451 | D:3      | Found a basalt altar of Yredelemnul.
  4418 | D:4      | Noticed Edmund
  4428 | D:4      | Slain by Edmund

Illustrated notes

Levels and vault maps discovered:
D:1:      nzn_arrival_water_spiral, layout_basic,
          hellmonk_ecumenical_altar_leap_of_faith, minmay_vboxes
D:2:      layout_basic
D:3:      layout_basic, jmf_multi_god_temple
D:4:      layout_loops_ring, minitemple, serial_shops, nicolae_shop_statue_plus,
          uniq_edmund

Skill      XL: |  1  2  3  4 |
---------------+-------------+-----
Summonings     | 5 |  5.8
Stealth        | 3 |  3.4
Spellcasting   | 3 |  3.0
Dodging        | |  2.1

Action                   |  1- 3 |  4- 6 || total
-------------------------+-------+-------++-------
Melee: Dagger            |    18 |       ||    18
       Unarmed           |     4 |       ||     4
       Kick              |    16 |     2 ||    18
       Peck              |    11 |     4 ||    15
       Whip              |    37 |    22 ||    59
Throw: Dart              |     1 |       ||     1
 Cast: Summon Small Mamm |    31 |       ||    31
       Call Canine Famil |     5 |     6 ||    11
  Use: Scroll            |       |     4 ||     4
 Stab: Sleeping          |     3 |     1 ||     4
       Distracted        |       |     1 ||     1
Armor: Robe              |    10 |     4 ||    14
Dodge: Dodged            |    45 |    15 ||    60

Table legend: (Time is in decaauts)
 A = Elapsed time spent in this place.
 B = Non-inter-level travel time spent in this place.
 C = Inter-level travel time spent in this place.
 D = Time resting spent in this place.
 E = Time spent auto-exploring this place.
 F = Levels seen in this place.
 G = Mean time per level.
                   A        B        C        D        E       F      G
               +--------+--------+--------+--------+--------+-----+--------+
         Total |   4437 |   4281 |    156 |   1194 |   1657 |   4 | 1109.2 |
       Dungeon |   4437 |   4281 |    156 |   1194 |   1657 |   4 | 1109.2 |
               +--------+--------+--------+--------+--------+-----+--------+

Top non-repeatable levels by time:
     D:1: 1933 daAuts
     D:3: 1420 daAuts
     D:2: 1032 daAuts
     D:4: 52 daAuts
